 Dungeon Crawl Stone Soup version 0.25-a0-719-gde951dce62 (webtiles) character file.

Game seed: 2345250942590753794, levelgen mode: deterministic

95 kae the Ruffian (level 4, -1/35 HPs)
             Began as a Draconian Transmuter on Apr 6, 2020.
             Was an Initiate of Wu Jian.
             Slain by a goblin
             ... wielding a +0 club
              (2 damage)
             ... on level 3 of the Dungeon.
             The game lasted 00:02:03 (2187 turns).

kae the Ruffian (Draconian Transmuter)              Turns: 2187, Time: 00:02:04

Health: -1/35      AC:  5    Str: 14    XL:     4   Next: 40%
Magic:  8/8        EV: 12    Int: 13    God:    Wu Jian [......]
Gold:   108        SH:  0    Dex: 11    Spells: 5/8 levels left

rFire    . . .     SeeInvis .   g - +0 whip
rCold    . . .     Gourm    .   (no shield)
rNeg     . . .     Faith    .   (armour unavailable)
rPois    .         Spirit   .   (helmet restricted)
rElec    .         Reflect  .   (no cloak)
rCorr    .         Harm     .   (no gloves)
MR       .....                  (no boots)
Stlth    +.........             (no amulet)
HPRegen  0.11/turn              (no ring)
MPRegen  0.11/turn              (no ring)

@: no status effects
A: unfitting armour, cold-blooded, AC +5
a: Renounce Religion


You were on level 3 of the Dungeon.
You worshipped Wu Jian.
Wu Jian was noncommittal.
You were not hungry.

You visited 1 branch of the dungeon, and saw 3 of its levels.

You collected 108 gold pieces.

Inventory:

Hand Weapons
 g - a +0 whip (weapon)
Missiles
 a - 12 arrows
Jewellery
 l - a +2 ring of evasion {unknown}
Scrolls
 b - a scroll of enchant armour {unknown}
 e - 2 scrolls of remove curse {unknown}
 h - 4 scrolls of identify {unknown}
 j - 3 scrolls of immolation {unknown}
 m - 3 scrolls of noise {unknown}
Potions
 d - a potion of curing
 f - a potion of invisibility {unknown}
 i - a potion of stabbing {unknown}
 k - a potion of magic {unknown}
Comestibles
 c - 4 rations
 n - a chunk of flesh


   Skills:
 - Level 1.1 Fighting
 - Level 1.7 Dodging
 * Level 4.2 Unarmed Combat
 + Level 2.7 Spellcasting
 + Level 2.8 Transmutations


You had 5 spell levels left.
You knew the following spells:

 Your Spells              Type           Power        Failure   Level  Hunger
a - Beastly Appendage     Tmut           #.....       8%          1    #......
b - Sticks to Snakes      Tmut           #.......     11%         2    ###....

Your spell library contained the following spells:

 Spells                   Type           Power        Failure   Level  Hunger
 Spider Form              Tmut/Pois      #.........   36%         3    ###....
 Ice Form                 Ice/Tmut       #.......     78%         4    #####..
 Blade Hands              Tmut           #.........   90%         5    ######.


Dungeon Overview and Level Annotations

Branches:
Dungeon (3/15)

Altars:
Cheibriados
Ru
Wu Jian


Innate Abilities, Weirdness & Mutations

Your plain brown scales are hard. (AC +5)
You cannot fit into any form of body armour.
You are cold-blooded and may be slowed by cold attacks.


Message History

You hit the adder. Your headbutt misses the adder. You tail-slap the adder.
You kill the adder!
The Council accepts your kill.
The goblin unwields a +0 club.
The goblin wields a +0 hunting sling.
The goblin shoots a stone.
The stone hits you.
* * * LOW HITPOINT WARNING * * *
You feel better.
The goblin shoots a stone.
The stone hits you.
* * * LOW HITPOINT WARNING * * *
The goblin shoots a stone.
The stone hits you.
* * * LOW HITPOINT WARNING * * *
Things that are here:
a stone; an adder skeleton Your horns disappear.
The goblin shoots a stone.
The stone hits you.
* * * LOW HITPOINT WARNING * * *
You see here a stone.
You lunge at the goblin.
You barely miss the goblin.
The goblin unwields a +0 hunting sling.
The goblin wields a +0 club.
The goblin hits you with a +0 club.
You die...

###.........####..# #.##
.'.........'.....# #...
.##.........####......##
##.......## ##...###
##.....## ##.# ##...##
#.# ##'## # #g# #@#
##(## .# ##†(.###...#
#.(.........
#...........
#)#.#......#
........#.####..##
####.####.# .## # #.# #


You could see a goblin.

Vanquished Creatures
  3 adders
  2 oozes
  2 worms
  A dart slug (D:2)
  A leopard gecko (D:1)
  An orc (D:3)
  2 giant cockroaches
  5 goblins
  4 hobgoblins
  3 jackals (D:1)
  5 kobolds
  2 ball pythons (D:1)
  10 bats
  3 frilled lizards
  6 rats
50 creatures vanquished.

Notes
Turn   | Place    | Note
-------+----------+-------------------------------------------
     0 | D:1      | kae the Draconian Transmuter began the quest for the Orb.
     0 | D:1      | Reached XP level 1. HP: 16/16 MP: 3/3
   103 | D:1      | Reached XP level 2. HP: 17/23 MP: 3/5
   121 | D:1      | Learned a level 2 spell: Sticks to Snakes
   552 | D:1      | Reached XP level 3. HP: 25/28 MP: 6/6
   949 | D:1      | You fall into a shaft and drop 1 floor!
   981 | D:2      | Found an ornate altar of the Wu Jian Council.
   982 | D:2      | Found a sacrificial altar of Ru.
   986 | D:2      | Found a snail-covered altar of Cheibriados.
  1338 | D:2      | Reached skill level 4 in Unarmed Combat
  1902 | D:2      | Became a worshipper of the Wu Jian Council
  1993 | D:3      | Reached XP level 4. HP: 29/35 MP: 5/7
  2179 | D:3      | HP: 1/35 [adder (2)]
  2186 | D:3      | HP: 1/35 [goblin/stone (4)]
  2187 | D:3      | Slain by a goblin

Levels and vault maps discovered:
D:1:      dpeg_arrival_simpleton_b, layout_rooms, minmay_hexomino_c4
D:2:      layout_basic, grunt_temple_overflow_open
D:3:      layout_loops_corners, tgw_sif

Skill      XL: |  1  2  3 |
---------------+----------+-----
Unarmed Combat | 4 |  4.2
Fighting       | |  1.1
Dodging        | |  1.7
Spellcasting   | |  2.7
Transmutations | |  2.8

Action                   |  1- 3 |  4- 6 || total
-------------------------+-------+-------++-------
Melee: Unarmed           |    24 |       ||    24
       Kick              |     9 |       ||     9
       Tailslap          |     9 |     3 ||    12
       Headbutt          |     7 |     3 ||    10
       Whip              |   123 |    38 ||   161
       Punch             |     2 |       ||     2
 Cast: Beastly Appendage |    23 |     5 ||    28
Invok: Lunge             |       |     4 ||     4
  Use: Potion            |       |     2 ||     2
 Stab: Sleeping          |       |     1 ||     1
  Eat: Chunk             |     2 |     3 ||     5
Armor: Skin              |    56 |    17 ||    73
Dodge: Dodged            |   124 |    25 ||   149

Table legend:
 A = Non-vault XP
 B = Vault XP
 C = Vault XP percentage of total XP
 D = Non-vault monster count
 E = Vault monster count
 F = Vault count percentage of total count
                 A         B        C        D         E       F
            +---------+---------+-------+---------+---------+-------
      Total |     125 |      12 |   8.8 |      44 |       6 |  12.0
            +---------+---------+-------+---------+---------+-------
        D:1 |      38 |      12 |  24.0 |      21 |       6 |  22.2
        D:2 |      40 |       0 |   0.0 |      14 |       0 |   0.0
        D:3 |      47 |       0 |   0.0 |       9 |       0 |   0.0
            +---------+---------+-------+---------+---------+-------
